 Dungeon Crawl Stone Soup version 0.26.0-10-g1f06aea511 (webtiles) character file.

Game seed: 1407969116924996518

2941 Borgoz the Slasher (level 9, -2/75 HPs)
             Began as a Ghoul Gladiator on Jan 30, 2021.
             Was an Initiate of Ashenzari.
             Slain by a two-headed ogre
             ... wielding a cursed -1 giant club
              (27 damage)
             ... on level 8 of the Dungeon.
             The game lasted 00:19:48 (9619 turns).

Borgoz the Slasher (Ghoul Gladiator)                Turns: 9619, Time: 00:19:48

Health: -2/75      AC: 14    Str: 18    XL:     9   Next: 80%
Magic:  8/8        EV: 13    Int:  3    God:    Ashenzari [......]
Gold:   62         SH:  0    Dex: 19    Spells: 8/8 levels left

rFire    + . .     SeeInvis +   a - +1 falchion (vorpal) (curse)
rCold    + + .     Faith    +   (no shield)
rNeg     + + +     Spirit   .   b - +0 scale mail "Hihen" {rElec Dex+6} (curse)
rPois    ∞         Reflect  .   v - +2 helmet {SInv} (curse)
rElec    +         Harm     .   f - scarf {rC+ rF+} (curse)
rCorr    +         Rampage  .   n - +2 pair of gloves
Will     .....                  (no boots)
Stlth    +.........             s - amulet of faith
HPRegen  0.00/turn              g - ring of resist corrosion
MPRegen  0.11/turn              (no ring)

@: no status effects
A: claws 1, cold resistance 1, negative energy resistance 3, inhibited
regeneration, torment resistance, unbreathing
a: Renounce Religion, Curse Item


You were on level 8 of the Dungeon.
You worshipped Ashenzari.
Ashenzari was noncommittal.
You visited 2 branches of the dungeon, and saw 9 of its levels.
You also visited: Sewer.

You collected 448 gold pieces.
You spent 386 gold pieces at shops.

Inventory:

Hand Weapons
 a - a cursed +1 vorpal falchion (weapon)
 o - a +0 great sword
Armour
 b - the cursed +0 scale mail "Hihen" (worn) {rElec Dex+6}
   (You bought it in a shop on level 6 of the Dungeon)

   It affects your dexterity (+6).
   It insulates you from electricity.
   It has a curse placed upon it.
 f - a cursed scarf of resistance (worn)
 n - a +2 pair of gloves (worn)
 v - a cursed +2 helmet of see invisible (worn)
 w - quicksilver dragon scales
Jewellery
 g - a ring of resist corrosion (left hand)
 s - an amulet of faith (around neck)
Scrolls
 h - 2 scrolls of fog
 k - 2 scrolls of magic mapping
 l - 2 scrolls of blinking
 p - 8 scrolls of teleportation
 x - a scroll of enchant armour
 y - a scroll of silence
Potions
 e - a potion of magic
 i - 4 potions of curing
 j - 4 potions of heal wounds
 m - a potion of attraction
 q - 3 potions of flight
 r - 3 potions of brilliance
 t - a potion of resistance


   Skills:
 + Level 6.2 Fighting
 * Level 7.5 Long Blades
 - Level 1.7 Throwing
 * Level 6.9 Armour
 + Level 5.5 Dodging
 + Level 1.4 Stealth


You had 8 spell levels left.
You didn't know any spells.
Your spell library contained the following spells:

 Spells                   Type           Power        Failure   Level
 Animate Skeleton         Necr           0%           86%         1
 Apportation              Tloc           0%           86%         1
 Corona                   Hex            0%           86%         1
 Summon Small Mammal      Summ           0%           86%         1


Dungeon Overview and Level Annotations

Branches:
Dungeon (8/15)             Temple (1/1) D:7           Sewer (visited)
   Lair: D:8-11

Altars:
Ashenzari
Cheibriados
Dithmenos
Elyvilon
Fedhas
Gozag
Hepliaklqana
Kikubaaqudgha
Makhleb
Nemelex Xobeh
Okawaru
Qazlal
Ru
Sif Muna
Trog
Uskayaw
Vehumet
Wu Jian
Xom
Yredelemnul
Zin
The Shining One

Shops:
D:6 [


Innate Abilities, Weirdness & Mutations

You thrive by killing the living.
You are immune to poison.
You have sharp fingernails.
Your flesh is cold resistant. (rC+)
You are immune to negative energy. (rN+++)
You do not regenerate when monsters are visible.
You are immune to unholy pain and torment.
You can survive without breathing.


Message History

The two-headed ogre misses you.
You hit the two-headed ogre but do no damage.
The two-headed ogre is almost dead.
The two-headed ogre hits you with a cursed -1 giant club.
* * * LOW HITPOINT WARNING * * *
The two-headed ogre closely misses you.
You barely miss the two-headed ogre.
The two-headed ogre is almost dead.
You feel much better. The two-headed ogre misses you.
The two-headed ogre closely misses you.
You hit the two-headed ogre.
The two-headed ogre is almost dead.
The two-headed ogre closely misses you.
The two-headed ogre hits you with a +0 giant spiked club!
You hit the two-headed ogre.
The two-headed ogre is almost dead.
You hit the two-headed ogre.
The two-headed ogre is almost dead.
The two-headed ogre hits you with a cursed -1 giant club!!
You die...

###################
#>.................
#######O###########
#@#.####
####.#...<##
#..........#
#..........#
#..........#
#...........#
#.##........# #.
#........# #
#.......(#


You could see a two-headed ogre.

Vanquished Creatures
  Prince Ribbit (D:6)
  Edmund (D:6)
  2 orc warriors (D:7)
  4 phantoms
  3 ogres
  2 bullfrogs
  A gnoll sergeant (D:7)
  3 killer bees (D:7)
  A howler monkey (D:4)
  4 wights (D:7)
  A bullfrog zombie (D:6)
  A quasit (D:6)
  2 centaur zombies
  2 hounds
  2 jellies
  A bullfrog skeleton (D:5)
  A gnoll shaman (D:5)
  5 orc priests
  A centaur skeleton (D:6)
  An iguana (D:8)
  11 orc wizards
  2 worker ants (D:5)
  A hound skeleton (D:8)
  A howler monkey skeleton (D:5)
  10 adders
  10 gnolls
  8 river rats (Sewer)
  3 white imps
  2 oozes
  An adder skeleton (D:6)
  2 worms
  2 dart slugs
  8 leopard geckos
  28 orcs
  10 giant cockroaches
  14 goblins
  9 hobgoblins
  5 jackals
  3 quokkas
  8 ball pythons
  6 bats
  5 frilled lizards
  21 kobolds
  A quokka skeleton (D:4)
  A quokka zombie (D:6)
  24 rats
235 creatures vanquished.

Vanquished Creatures (others)
  An ooze (D:3)
  A bat (D:3)
  A giant cockroach (D:3)
  3 plants (D:1)
6 creatures vanquished.

Grand Total: 241 creatures vanquished

Notes
Turn   | Place    | Note
-------+----------+-------------------------------------------
     0 | D:1      | Borgoz the Ghoul Gladiator began the quest for the Orb.
     0 | D:1      | Reached XP level 1. HP: 17/17 MP: 0/0
   278 | D:1      | Reached XP level 2. HP: 25/25 MP: 1/1
   461 | D:1      | Reached skill level 3 in Long Blades
   461 | D:1      | Reached skill level 1 in Armour
   585 | D:1      | Reached XP level 3. HP: 30/30 MP: 2/2
  1524 | D:2      | Reached XP level 4. HP: 37/37 MP: 3/3
  1569 | D:2      | Found a white marble altar of Elyvilon.
  2307 | D:3      | Found a radiant altar of Vehumet.
  2997 | D:4      | Reached XP level 5. HP: 41/45 MP: 4/4
  3224 | D:4      | Found a hazy altar of Hepliaklqana.
  3564 | D:4      | Reached skill level 4 in Long Blades
  3654 | D:4      | Found a glowing golden altar of the Shining One.
  3941 | D:4      | Reached XP level 6. HP: 45/51 MP: 5/5
  4063 | D:5      | Entered Level 5 of the Dungeon
  4079 | D:5      | Found an ancient bone altar of Kikubaaqudgha.
  4382 | D:5      | Reached XP level 7. HP: 42/58 MP: 6/6
  5043 | D:6      | Reached skill level 5 in Long Blades
  5091 | D:6      | Found a glowing drain.
  5095 | Sewer    | Entered a sewer
  5905 | D:6      | Reached XP level 8. HP: 66/66 MP: 7/7
  5934 | D:6      | Noticed Edmund
  5962 | D:6      | Killed Edmund
  6063 | D:6      | Noticed Prince Ribbit
  6083 | D:6      | Killed Prince Ribbit
  6084 | D:6      | Reached skill level 6 in Long Blades
  6084 | D:6      | Reached skill level 5 in Armour
  6091 | D:6      | Reached skill level 5 in Fighting
  6374 | D:6      | Found Vadweih's Armour Shoppe.
  6652 | D:6      | Found a glowing silver altar of Zin.
  6652 | D:6      | Found an opulent altar of Gozag.
  6814 | D:7      | Reached XP level 9. HP: 73/74 MP: 8/8
  7066 | D:7      | Found a staircase to the Ecumenical Temple.
  7088 | D:7      | Reached skill level 5 in Dodging
  7252 | Temple   | Entered the Ecumenical Temple
  7428 | Temple   | Became a worshipper of Ashenzari the Shackled
  7689 | D:6      | Bought the cursed +0 scale mail "Hihen" {rElec Dex+6} for
                  | 386 gold pieces
  7830 | D:7      | Reached skill level 7 in Long Blades
  8587 | D:7      | Reached skill level 1 in Stealth
  9233 | D:8      | Noticed a two-headed ogre
  9589 | D:8      | Noticed a two-headed ogre
  9619 | D:8      | Slain by a two-headed ogre

Illustrated notes

Levels and vault maps discovered:
D:1:      noname_arrival_rooms_in_the_neighbourhood, layout_loops_ring,
          serial_bayou, serial_bayou_shore_b, serial_bayou_pond_b,
          serial_bayou_shore_b, serial_bayou_crossing, serial_bayou_shore_b,
          minmay_pentomino_q4
D:2:      layout_loops_cross, elyvilon_altar_4
D:3:      layout_basic, fiery_altar_vehumet, grunt_decor_arrowhead,
          minmay_misc_feat_tiny
D:4:      layout_basic, general_overflow_altar, kennysheep_mini
D:5:      layout_loops_cross, nicolae_overflow_crystal_walls
D:6:      layout_rooms, grunt_temple_overflow_gold_and_silver,
          gup_sewer_entry_bowl, serial_shops, shop, uniq_edmund,
          uniq_prince_ribbit1
D:7:      layout_basic, minmay_temple_entry_large_hall, minmay_misc_feat_chi,
          amcnicky_mini_corridor_feature
D:8:      layout_basic, serial_shops, nicolae_shop_overgrown_old_shop,
          minmay_pinched_square
Temple:   regret_index_temple_sphere_string

Skill      XL: |  1  2  3  4  5  6  7  8  9 |
---------------+----------------------------+-----
Long Blades    | 3 4 5 6 7 |  7.5
Armour         | 1 2 3 4 5 6 |  6.9
Dodging        | 3 4 5 |  5.5
Fighting       | 3 4 5 6 |  6.2
Stealth        | 1 |  1.4
Throwing       | |  1.7

Action                   |  1- 3 |  4- 6 |  7- 9 || total
-------------------------+-------+-------+-------++-------
Melee: Long sword        |    41 |       |       ||    41
       Dagger            |   103 |   255 |   604 ||   962
       Falchion          |       |       |   254 ||   254
Throw: Throwing net      |       |     1 |     5 ||     6
Invok: Curse Item        |       |       |     4 ||     4
  Use: Scroll            |       |    19 |    11 ||    30
       Potion            |       |     1 |     9 ||    10
 Stab: Held in net/web   |       |     2 |     3 ||     5
       Invisible         |       |     2 |       ||     2
Armor: Leather armour    |    44 |    37 |       ||    81
       Quicksilver drago |       |    37 |   249 ||   286
       Scale mail        |       |       |   117 ||   117
Dodge: Dodged            |    93 |   175 |   530 ||   798
       Rpst.: Long sword |    12 |       |       ||    12
       Falchion          |       |       |    40 ||    40
